 Dungeon Crawl Stone Soup version 0.31-a0-879-g1609e0ac53 (webtiles) character file.

Game seed: 2836284472888029829

70 arthad the Ogre Mage (level 4, -6/41 HPs)
             Began as an Ogre Fire Elementalist on Oct 14, 2023.
             Mangled by Crazy Yiuf
             ... wielding a +4 quarterstaff of chaos
              (7 damage)
             ... on level 3 of the Dungeon.
             The game lasted 00:03:43 (2421 turns).

arthad the Ogre Mage (Ogre Fire Elementalist)       Turns: 2421, Time: 00:03:43

Health: -6/41      AC:  3    Str: 12    XL:     4   Next: 21%
Magic:  2/8        EV: 10    Int: 18    God:
Gold:   54         SH:  0    Dex:  9    Spells: 8/9 levels left

rFire   . . .        (no weapon)
rCold   . . .        (no shield)
rNeg    . . .        a - +0 robe
rPois   .            (helmet restricted)
rElec   .            (no cloak)
rCorr   .            (gloves unavailable)
SInv    .            (boots unavailable)
Will    .....        (no amulet)
Stlth   ++           (no ring)
HPRegen 0.26/turn    (no ring)
MPRegen 0.11/turn

%: no passive effects
@: hasted, very quick
A: large, unfitting armour, tough skin 1
a: no special abilities


You were on level 3 of the Dungeon.
You visited 1 branch of the dungeon, and saw 4 of its levels.

You collected 54 gold pieces.

Inventory:

Missiles
 f - 3 poisoned darts
Armour
 a - a +0 robe (worn)
Wands
 k - a wand of acid (8)
Scrolls
 d - 2 scrolls of noise {unknown}
 h - a scroll of enchant weapon {unknown}
 i - 2 scrolls of blinking {unknown}
 l - 2 scrolls of identify {unknown}
Potions
 b - a potion of magic
 e - a potion of haste
 g - 3 potions of brilliance {unknown}
 j - a potion of might {unknown}
 m - a potion of curing {unknown}


   Skills:
 + Level 1.3 Fighting
 + Level 2.1 Dodging
 + Level 1.7 Stealth
 * Level 3.3 Spellcasting
 * Level 1.6 Conjurations
 * Level 3.1 Fire Magic


You had 8 spell levels left.
You knew the following spells:

 Your Spells              Type           Power      Damage    Failure   Level
a - Foxfire               Conj/Fire      44%        2x1d6     6%          1

Your spell library contained the following spells:

 Spells                   Type           Power      Damage    Failure   Level
 Scorch                   Fire           28%        2d6       7%          2
 Shock                    Conj/Air       24%        1d4       11%         1
 Sandblast                Erth           4%         2d4       16%         1
 Lesser Beckoning         Tloc           4%         N/A       24%         2
 Passwall                 Tmut/Erth      1%         N/A       24%         2
 Inner Flame              Hex/Fire       8%         N/A       26%         3
 Volatile Blastmotes      Fire/Tloc      16%        2d11      26%         3
 Stone Arrow              Conj/Erth      12%        3d7       32%         3
 Gell's Gravitas          Tloc           2%         N/A       43%         3
 Swiftness                Air            2%         N/A       43%         3
 Teleport Other           Tloc           2%         N/A       43%         3
 Flame Wave               Conj/Fire      11%        2d6       52%         4
 Brom's Barrelling Bould  Conj/Erth      6%         2d3       73%         4
 Airstrike                Air            1%         2d(1-17)  85%         4


Dungeon Overview and Level Annotations

Branches:
Dungeon (4/15)
 Temple: D:4-7

Altars:

Annotations:
D:3 Crazy Yiuf


Innate Abilities, Weirdness & Mutations

You are too large for most types of armour.
You have tough skin. (AC +1)


Message History

You hit the orc but do no damage. Your punch misses the orc.
The orc is severely wounded.
The orc hits you with a +0 hand axe!
You hit the orc but do no damage.
The orc is severely wounded.
The orc wizard hits you with a +0 dagger.
The orc closely misses you.
You barely miss the orc.
The orc is heavily wounded.
The orc wizard closely misses you. The orc hits you with a +0 hand axe!
As you read the scroll labelled UGHEUW ISASH, it crumbles to dust.
You feel strangely unstable.
It was a scroll of teleportation.
The orc wizard hits you with a +0 dagger.
The orc hits you but does no damage.
Casting: Foxfire (safe; 6% risk of failure)
Confirm with . or Enter, or press ? or * to list all spells.
Okay, then.
You hit the orc but do no damage.
The orc is heavily wounded.
The orc wizard hits you but does no damage.
The orc hits you with a +0 hand axe.
You closely miss the orc.
The orc is heavily wounded.
Your surroundings suddenly seem different.
Crazy Yiuf the Enlightened comes into view.
He is wielding a +4 quarterstaff of chaos.
Found a hammer.
Found a runed translucent door.
It was a potion of haste.
You feel yourself speed up.
Crazy Yiuf shouts!
Crazy Yiuf hits you with a +4 quarterstaff of chaos!
* * * LOW HITPOINT WARNING * * *
You feel your power leaking away. Crazy Yiuf attacks as he pursues you!
Crazy Yiuf hits you with a +4 quarterstaff of chaos!
* * * LOW HITPOINT WARNING * * *
Crazy Yiuf burns you.
* * * LOW HITPOINT WARNING * * *
You open the door.
Crazy Yiuf grits, "Orb!
Whiteboard bag foot."
Crazy Yiuf hits you with a +4 quarterstaff of chaos!
You die...

#.#######..
#.......#.#
#######.#.#
#.#.# #.#.# ♣.
##### #.#.#
♣..♣#...#
###.#.# ♣.'@g.#
#<....# ♣♣#..)#
###..## #####
##.# #.# #.#
#######.#####..
...............
...............
.######.#######


You could see Crazy Yiuf.

Vanquished Creatures
  3 adders (D:2)
  A worm (D:2)
  2 orcs
  4 endoplasms
  3 goblins (D:1)
  3 hobgoblins (D:2)
  2 jackals (D:2)
  4 quokkas
  7 ball pythons
  2 bats (D:2)
  3 rats
34 creatures vanquished.

Vanquished Creatures (others)
  106 foxfires
106 creatures vanquished.

Grand Total: 140 creatures vanquished

Notes
Turn   | Place    | Note
-------+----------+-------------------------------------------
     0 | D:1      | arthad the Ogre Fire Elementalist began the quest for the
                  | Orb.
     0 | D:1      | Reached XP level 1. HP: 16/16 MP: 3/3
    99 | D:1      | Reached skill level 1 in Conjurations
   469 | D:1      | Reached XP level 2. HP: 26/26 MP: 3/5
  1192 | D:2      | Reached XP level 3. HP: 32/32 MP: 1/7
  1613 | D:2      | Reached skill level 1 in Fighting
  1868 | D:2      | Reached XP level 4. HP: 14/41 MP: 1/8
  2395 | D:3      | You fall into a shaft and drop 1 floor!
  2418 | D:3      | Found a runed translucent door.
  2418 | D:3      | Noticed Crazy Yiuf
  2420 | D:3      | HP: 1/41 [Crazy Yiuf/+4 quarterstaff of chaos (3)]
  2421 | D:3      | Mangled by Crazy Yiuf

Illustrated notes

Levels and vault maps discovered:
D:1:      kennysheep_arrival_seaside, layout_basic
D:2:      layout_basic, dreamdust_princess_corridor
D:3:      layout_loops_ring, mainiacjoe_overflow_surrounded_room, led_sif_book,
          uniq_crazy_yiuf_cottage
D:4:      layout_basic, old_standard_altar, minmay_overflow_temple_hex,
          chei_slow_surprise, minmay_temple_entry_butterflies

Skill      XL: |  1  2  3 |
---------------+----------+-----
Conjurations   | 1 |  1.6
Fire Magic     | 3 |  3.1
Spellcasting   | 3 |  3.3
Dodging        | 2 |  2.1
Fighting       | 1 |  1.3
Stealth        | |  1.7

Action                     |  1- 3 |  4- 6 || total
---------------------------+-------+-------++-------
  Melee: Unarmed           |    12 |     5 ||    17
  Throw: Dart              |     3 |       ||     3
   Cast: Foxfire           |    57 |    15 ||    72
    Use: Scroll            |       |     1 ||     1
         Potion            |       |     1 ||     1
 Armour: Robe              |    14 |    10 ||    24
  Dodge: Dodged            |    10 |     2 ||    12

Table legend: (Time is in decaauts)
 A = Elapsed time spent in this place.
 B = Non-inter-level travel time spent in this place.
 C = Inter-level travel time spent in this place.
 D = Time resting spent in this place.
 E = Time spent auto-exploring this place.
 F = Levels seen in this place.
 G = Mean time per level.
                   A        B        C        D        E       F      G
               +--------+--------+--------+--------+--------+-----+--------+
         Total |   2419 |   2359 |     60 |      0 |   2072 |   4 |  604.8 |
       Dungeon |   2419 |   2359 |     60 |      0 |   2072 |   4 |  604.8 |
               +--------+--------+--------+--------+--------+-----+--------+

Top non-repeatable levels by time:
     D:2: 1361 daAuts
     D:1: 927 daAuts
     D:3: 122 daAuts
     D:4: 8 daAuts
